 Dungeon Crawl Stone Soup version 0.18.1-50-g88ac8fd (webtiles) character file.

88 FruitAndGarbage the Sneak (level 4, 0/25 HPs)
             Began as a Kobold Ice Elementalist on Oct 4, 2016.
             Slain by a hippogriff (2 damage)
             ... on level 3 of the Dungeon.
             The game lasted 00:10:27 (2495 turns).

FruitAndGarbage the Sneak (Kobold Ice Elementalist) Turns: 2495, Time: 00:10:28

Health: 0/25       AC:  7    Str:  6    XL:     4   Next: 81%
Magic:  0/8        EV: 15    Int: 14    God:
Gold:   74         SH:  0    Dex: 16    Spells: 3 memorised, 2 levels left

rFire  . . .     SeeInvis .     s - +0 rapier
rCold  . . .     Gourm    .     a - +0 robe
rNeg   . . .     Faith    .     (shield restricted)
rPois  .         Spirit   .     (no helmet)
rElec  .         Dismiss  .     (no cloak)
rCorr  .         Reflect  .     (no gloves)
SustAt .         Harm     .     (no boots)
MR     +....                    (no amulet)
Stlth  +++.......               (no ring)
                                q - ring of protection from magic

@: icy armour, very slightly contaminated, slow, somewhat resistant to hostile
enchantments, fairly stealthy
A: carnivore 3
a: no special abilities


You were on level 3 of the Dungeon.
You were very full.

You visited 1 branch of the dungeon, and saw 6 of its levels.

You collected 74 gold pieces.

Inventory:

Hand Weapons
 i - a +0 dagger
 s - a +0 rapier (weapon)
Armour
 a - a +0 robe (worn)
Jewellery
 q - a ring of protection from magic (left hand)
Scrolls
 d - a scroll of enchant armour {unknown}
 h - a scroll of teleportation {unknown}
 j - a scroll of remove curse {unknown}
 l - a scroll of immolation {unknown}
 n - a scroll of fear {unknown}
 o - 6 scrolls of identify {unknown}
 r - a scroll of blinking {unknown}
Potions
 e - a potion of invisibility {unknown}
 f - 2 potions of degeneration {unknown}
 g - 2 potions of heal wounds {unknown}
 k - a potion of cancellation {unknown}
 m - a potion of flight {unknown}
 p - a potion of mutation {unknown}
Books
 b - a book of Frost

   Spells                             Type                      Level
   a - Freeze                         Ice                          1
   b - Throw Frost                    Conjuration/Ice              2
   c - Ozocubu's Armour               Charms/Ice                   3
   d - Throw Icicle                   Conjuration/Ice              4
   e - Summon Ice Beast               Ice/Summoning                4
Comestibles
 c - 2 meat rations


   Skills:
 * Level 1.5 Fighting
 + Level 2.8 Dodging
 + Level 3.5 Stealth
 + Level 2.7 Spellcasting
 * Level 1.3 Conjurations
 * Level 0.1 Charms
 + Level 3.4 Ice Magic


You had 2 spell levels left.
You knew the following spells:

 Your Spells              Type           Power        Failure   Level  Hunger
a - Freeze                Ice            ##..         6%          1    #......
b - Throw Frost           Conj/Ice       #.....       14%         2    ###....
c - Ozocubu's Armour      Chrm/Ice       #.......     38%         3    ###....


Dungeon Overview and Level Annotations

Branches:
Dungeon (6/15)
 Temple: D:4-7

Altars:
Elyvilon
Nemelex Xobeh
Okawaru


Innate Abilities, Weirdness & Mutations

You are small and have problems with some larger weapons.
You are carnivorous and can eat meat at any time.


Message History

Press: ? - help, Shift-Dir - straight line, f/p - hippogriff
Aim: a hippogriff (heavily wounded)
You freeze the hippogriff.
The hippogriff is severely wounded.
The hippogriff bites you.
* * * LOW HITPOINT WARNING * * *
The hippogriff pecks you.
* * * LOW HITPOINT WARNING * * *
The hippogriff claws you but does no damage.
Casting: Freeze
Confirm with . or Enter, or press ? or * to list all spells.
Aiming: Freeze
Press: ? - help, Shift-Dir - straight line, f/p - hippogriff
Aim: a hippogriff (heavily wounded)
You miscast Freeze.
You are very lightly contaminated with residual magic.
You feel a strange surge of energy! The hippogriff completely misses you.
The hippogriff pecks you but does no damage.
The hippogriff claws you.
You die...

#...#
#.############
#.... #.#
#....#####.#######
#.................
#........o......##
##.....w...o.....#
......oo###.#....#
.##...#H###.#....#
### #@....$......
#..##?##...##
##..... ...o#
..#.# ##.# ..#.#
....# %#.. .#.>.


You could see a hippogriff, a worm and 2 orcs.

Vanquished Creatures
  A worker ant (D:4)
  2 adders
  3 giant geckos
  An orc (D:6)
  A giant cockroach (D:1)
  4 goblins
  4 hobgoblins
  2 jackals (D:5)
  2 quokkas (D:2)
  9 bats
  2 giant newts (D:2)
  A jackal skeleton (D:4)
  2 kobolds (D:1)
  6 rats
40 creatures vanquished.

Notes
Turn   | Place    | Note
--------------------------------------------------------------
     0 | D:1      | FruitAndGarbage the Kobold Ice Elementalist began the quest for the Orb.
     0 | D:1      | Reached XP level 1. HP: 10/10 MP: 3/3
   288 | D:1      | Reached XP level 2. HP: 16/16 MP: 5/5
   292 | D:1      | Learned a level 2 spell: Throw Frost
   432 | D:1      | Reached skill level 1 in Conjurations
   774 | D:1      | Reached XP level 3. HP: 20/20 MP: 3/6
  1116 | D:2      | Reached skill level 1 in Fighting
  1544 | D:2      | Found an iron altar of Okawaru.
  1601 | D:2      | Found a white marble altar of Elyvilon.
  1619 | D:2      | Learned a level 3 spell: Ozocubu's Armour
  1740 | D:2      | Found a sparkling altar of Nemelex Xobeh.
  1836 | D:3      | You fall through a shaft for 3 floors!
  1843 | D:6      | Reached XP level 4. HP: 16/25 MP: 1/7
  1851 | D:5      | Entered Level 5 of the Dungeon
  2476 | D:3      | Noticed a hippogriff
  2495 | D:3      | Slain by a hippogriff

Skill      XL: |  1  2  3 |
---------------+----------+-----
Stealth        | 3 |  3.5
Conjurations   | 1 |  1.3
Fighting       | 1 |  1.5
Dodging        | |  2.8
Spellcasting   | |  2.7
Charms         | |  0.1
Ice Magic      | |  3.4

Action                   |  1- 3 |  4- 6 || total
-------------------------+-------+-------++-------
Melee: Dagger            |    23 |     8 ||    31
       Unarmed           |     2 |       ||     2
       Rapier            |       |    15 ||    15
 Cast: Freeze            |    31 |    16 ||    47
       Throw Frost       |    11 |       ||    11
       Ozocubu's Armour  |       |     2 ||     2
 Stab: Sleeping          |    10 |       ||    10
  Eat: Chunk             |    12 |     2 ||    14
Armor: Robe              |     4 |    12 ||    16
Dodge: Dodged            |    29 |    44 ||    73
